Map: Coda LE (Void)

Players

Wintersc2 (Winter) - Winner!

  • Race: Zerg Zerg

najzmajs

  • Race: Zerg Zerg

VOD

Have the link to the VOD?

Description

Time

  • Played on: April 8, 2015, 6:02 p.m.
  • Length: 7:06
Show
View Real Time Build Order
Export as new Build Order

Wintersc2 Zerg - Winner!

Build Orders: Hatch First 

Get SALT Encoding   

  12  0:01  Drone  
  13  0:14  Overlord  
  13  0:18  Drone  
  14  0:32  Drone  
  14  0:33  Drone  
  16  0:36  Drone  
  17  0:49  Drone  
  18  0:59  Hatchery  
  17  1:05  Drone  
  18  1:11  Extractor  
  18  1:16  Drone  
  18  1:18  Spawning Pool  
  18  1:23  Drone  
  18  1:29  Drone  
  19  1:40  Drone  
  20  1:51  Overlord  
  20  2:06  Queen  
  22  2:10  Zergling x2  
  22  2:13  Zergling x4  
  25  2:19  Metabolic Boost, Queen  
  25  2:22  Drone  
  28  2:27  Drone  
  29  2:33  Drone  
  29  2:36  Drone  
  31  2:44  Drone  
  31  2:45  Drone  
  31  2:50  Extractor  
  32  2:54  Drone  
  32  2:56  Roach Warren  
  32  2:57  Overlord  
  30  3:15  Drone  
  30  3:16  Drone x2  
  32  3:31  Drone x2  
  32  3:32  Drone x2, Overlord  
  32  3:33  Overlord  
  36  3:36  Roach x2  
  36  3:37  Roach  
  36  3:39  Zergling x2  
  43  3:51  Roach  
  43  3:52  Roach x2  
  49  3:57  Ravager  
  49  4:02  Zergling x2  
  50  4:03  Zergling x4  
  50  4:04  Zergling x2  
  50  4:08  Drone  
  53  4:13  Zergling x4  
  55  4:18  Ravager x2  
  55  4:19  Ravager  
  55  4:20  Drone  
  59  4:34  Overlord  
  59  4:37  Zergling x2  
  60  4:39  Overlord  
  60  4:41  Overlord  
  60  4:49  Overlord  
  55  5:00  Roach x4  
  55  5:01  Roach  
  65  5:11  Ravager x2  
  58  5:29  Roach x5  
  58  5:32  Roach  
  58  5:34  Zergling x6  
  72  5:38  Zergling x2  
  73  5:45  Zergling x6  
  76  5:52  Ravager  
  77  5:58  Zergling x4  
  77  6:01  Zergling x4  
  77  6:03  Zergling x4  
  83  6:13  Zergling x4  
  83  6:16  Ravager x2  
  82  6:25  Zergling x2  
  81  6:29  Zergling x2  
  81  6:31  Zergling x2  
  81  6:32  Zergling x4  
  82  6:33  Zergling x2  
  82  6:38  Zergling x2  
  84  6:41  Overlord  
  78  6:51  Ravager x2  
  69  7:04  Ravager  
Show
View Real Time Build Order
Export as new Build Order

najzmajs Zerg 

Build Orders: Hatch First 

Get SALT Encoding   

  12  0:09  Drone  
  12  0:12  Overlord  
  13  0:18  Drone  
  14  0:23  Drone, Extractor  
  15  0:31  Drone  
  16  0:42  Drone  
  17  0:54  Hatchery  
  16  0:57  Drone  
  16  1:03  Drone  
  18  1:10  Extractor  
  17  1:17  Spawning Pool  
  16  1:19  Drone  
  18  1:25  Drone  
  18  1:37  Drone  
  19  1:46  Overlord  
  19  1:57  Drone  
  20  2:04  Queen  
  20  2:06  Drone, Queen  
  25  2:10  Metabolic Boost  
  25  2:25  Drone x3  
  25  2:28  Drone  
  28  2:30  Drone  
  28  2:36  Baneling Nest  
  28  2:39  Drone  
  28  2:40  Drone  
  30  2:49  Overlord  
  30  2:50  Drone  
  31  2:56  Evolution Chamber  
  30  2:59  Drone  
  30  3:01  Drone  
  32  3:10  Zergling x2  
  31  3:15  Zergling x4  
  31  3:16  Zergling x6  
  31  3:19  Drone  
  36  3:21  Drone  
  36  3:25  Drone  
  37  3:28  Drone  
  37  3:32  Drone  
  37  3:33  Drone  
  40  3:36  Drone  
  41  3:44  Zerg Ground Armor Level 1  
  41  3:46  Baneling x2  
  41  3:48  Drone  
  42  4:02  Drone x2  
  43  4:09  Drone  
  43  4:10  Overlord x2  
  43  4:14  Spine Crawler x2  
  41  4:17  Roach Warren  
  40  4:26  Drone x3  
  40  4:27  Overlord  
  40  4:30  Burrow  
  43  4:33  Overlord  
  43  4:44  Spine Crawler  
  42  4:45  Baneling  
  42  4:59  Roach x3  
  46  5:00  Zergling x8  
  46  5:01  Zergling x10  
  46  5:03  Extractor  
  53  5:08  Roach  
  53  5:09  Zergling x4  
  53  5:10  Zergling x2  
  53  5:11  Zergling x2  
  59  5:16  Extractor  
  57  5:25  Roach x2  
  53  5:29  Zergling x2  
  53  5:30  Zergling x12  
  59  5:41  Overlord x2  
  59  5:43  Overlord  
  59  5:45  Overlord  
  59  5:50  Roach x6  
  56  5:58  Overlord x2  
  56  6:02  Zergling x6  
  57  6:12  Zergling x2  
  57  6:14  Zergling x8  
  57  6:15  Zergling x2  
  61  6:21  Zergling x2  
  61  6:22  Zergling x4  
  61  6:26  Roach  
  63  6:33  Ravager x3  
  63  6:34  Ravager x3  
  63  6:35  Zergling x2  
  63  6:38  Zergling x2  
Tags
 
Add a new tag
Caveats
  • Supply blocks, unpowered buildings, or Contaminate may cause inaccurate times.
  • Supply counts are checked every 10 seconds.